BSA
BOSTON REBELS @ JERSEY SHORE D-BAGS
08/04/2024
 
TOP OF THE 1ST
Boston Rebels batting - Pitching for Jersey Shore D-Bags : RHP Roland Martin
Pitching: RHP Roland Martin
Batting: LHB Bill Wilson 0-0: Called Strike
0-1: Swinging Strike
0-2: Fly out, F4 (Line Drive, 34)
Batting: SHB Álex Rosado 0-0: Ball
1-0: Foul Ball, location: 2F
1-1: Ground out 4-3 (Groundball, 4)
Batting: RHB Ronnie Brown 0-0: Ball
1-0: Fly out, F3 (Popup, 3S)
Top of the 1st over - 0 run(s), 0 hit(s), 0 error(s), 0 left on base; Boston 0 - Jersey Shore 0
BOTTOM OF THE 1ST
Jersey Shore D-Bags batting - Pitching for Boston Rebels : LHP José Hidalgo
Pitching: LHP José Hidalgo
Batting: RHB Gerardo Escobedo 0-0: SINGLE (Line Drive, 34)
Batting: RHB Ricardo González 0-0: Ground out 5-3 (Groundball, 6)
Gerardo Escobedo to second
Batting: LHB Dave Dodd 0-0: Ball
1-0: Foul Ball, location: 2F
1-1: Foul Ball, location: 2F
1-2: Strikes out swinging
Batting: SHB Tadahisa Kisuki 0-0: Called Strike
0-1: Ball
Wild Pitch!
Gerardo Escobedo to third
1-1: Called Strike
1-2: Ball
2-2: Ball
3-2: Base on Balls
Batting: RHB Yoshihide Takahashi 0-0: SINGLE (Groundball, 6M)
Gerardo Escobedo scores
Tadahisa Kisuki to second
Batting: RHB Owen Carter 0-0: Called Strike
0-1: Foul Ball, location: 2F
0-2: Foul Ball, location: 2F
0-2: Ball
1-2: Fielders Choice at 2nd, U4 (Groundball, 4M)
Bottom of the 1st over - 1 run(s), 2 hit(s), 0 error(s), 2 left on base; Boston 0 - Jersey Shore 1
TOP OF THE 2ND
Boston Rebels batting - Pitching for Jersey Shore D-Bags : RHP Roland Martin
Batting: LHB Bill Wilson 0-0: Ball
1-0: Called Strike
1-1: Ball
2-1: Swinging Strike
2-2: Strikes out looking
Batting: SHB Javier Villegas 0-0: Foul Ball, location: 2F
0-1: Ball
1-1: Ground out 3-1 (Groundball, 34)
Batting: RHB Wilson Gómez 0-0: Called Strike
0-1: Called Strike
0-2: Foul Ball, location: 2F
0-2: Ball
1-2: Ball
2-2: Fly out, F7 (Flyball, 7LMF)
Top of the 2nd over - 0 run(s), 0 hit(s), 0 error(s), 0 left on base; Boston 0 - Jersey Shore 1
BOTTOM OF THE 2ND
Jersey Shore D-Bags batting - Pitching for Boston Rebels : LHP José Hidalgo
Batting: RHB Pat Fullerton 0-0: Bunted foul
0-1: Ball
1-1: Ball
2-1: Ball
3-1: Called Strike
3-2: Foul Ball, location: 2F
3-2: Ground out 1-3 (Groundball, 15)
Batting: RHB Millard Boyd 0-0: Ball
1-0: Foul Ball, location: 2F
1-1: Ball
2-1: Foul Ball, location: 2F
2-2: Foul Ball, location: 2F
2-2: Foul Ball, location: 2F
2-2: Ball
3-2: Foul Ball, location: 2F
3-2: Foul Ball, location: 2F
3-2: Ground out 5-3 (Groundball, 56S)
Batting: RHB Lawrence Yates 0-0: Ball
1-0: Foul Ball, location: 2F
1-1: Ball
2-1: Foul Ball, location: 2F
2-2: Foul Ball, location: 2F
2-2: Ground out 6-3 (Groundball, 6S)
Bottom of the 2nd over - 0 run(s), 0 hit(s), 0 error(s), 0 left on base; Boston 0 - Jersey Shore 1
TOP OF THE 3RD
Boston Rebels batting - Pitching for Jersey Shore D-Bags : RHP Roland Martin
Batting: LHB Félix Gómez 0-0: Called Strike
0-1: Ball
1-1: Ball
2-1: Ball
3-1: Swinging Strike
3-2: Foul Ball, location: 2F
3-2: SINGLE (Groundball, 4M)
Batting: LHB Tony Ramírez 0-0: Ball
1-0: Ball
2-0: Called Strike
2-1: Fly out, F7 (Line Drive, 7LM)
Batting: RHB Rob Whitley 0-0: Ball
1-0: Ball
2-0: Swinging Strike
2-1: Foul Ball, location: 2F
2-2: Ball
3-2: SINGLE (Line Drive, 89S)
Félix Gómez to second
Félix Gómez to third
Batting: LHB Bill Wilson 0-0: Ball
1-0: Fielders Choice at 2nd, 3-6 (Groundball, 34)
Félix Gómez scores
Batting: SHB Álex Rosado 0-0: Foul Ball, location: 2F
0-1: Called Strike
0-2: Ball
1-2: Strikes out swinging
Top of the 3rd over - 1 run(s), 2 hit(s), 0 error(s), 1 left on base; Boston 1 - Jersey Shore 1
BOTTOM OF THE 3RD
Jersey Shore D-Bags batting - Pitching for Boston Rebels : LHP José Hidalgo
Batting: RHB Gerardo Escobedo 0-0: Called Strike
0-1: Ball
1-1: Swinging Strike
1-2: Ground out 1-3 (Groundball, 23)
Batting: RHB Ricardo González 0-0: Called Strike
0-1: Foul Ball, location: 2F
0-2: Ball
1-2: Ball
2-2: SINGLE (Line Drive, 7LS)
Batting: LHB Dave Dodd 0-0: Ball
1-0: Called Strike
Ricardo González steals 2nd base
1-1: Foul Ball, location: 2F
1-2: Foul Ball, location: 2F
1-2: Foul Ball, location: 2F
1-2: SINGLE (Groundball, 25) (infield hit)
Ricardo González to third
Batting: SHB Tadahisa Kisuki 0-0: SINGLE (Line Drive, 6MD)
Ricardo González scores
Dave Dodd to second
Batting: RHB Yoshihide Takahashi 0-0: Fly out, F7 (Flyball, 78M)
Batting: RHB Owen Carter 0-0: Fielders Choice at 2nd, U4 (Groundball, 4M)
Bottom of the 3rd over - 1 run(s), 3 hit(s), 0 error(s), 2 left on base; Boston 1 - Jersey Shore 2
TOP OF THE 4TH
Boston Rebels batting - Pitching for Jersey Shore D-Bags : RHP Roland Martin
Batting: RHB Ronnie Brown 0-0: Ball
1-0: Ball
2-0: Foul Ball, location: 2F
2-1: Foul Ball, location: 2F
2-2: Fly out, F3 (Popup, 3F)
Batting: LHB Bill Wilson 0-0: Ground out 4-3 (Groundball, 4M)
Batting: SHB Javier Villegas 0-0: Ball
1-0: Called Strike
1-1: Swinging Strike
1-2: Foul Ball, location: 2F
1-2: Ball
2-2: Strikes out looking
Top of the 4th over - 0 run(s), 0 hit(s), 0 error(s), 0 left on base; Boston 1 - Jersey Shore 2
BOTTOM OF THE 4TH
Jersey Shore D-Bags batting - Pitching for Boston Rebels : LHP José Hidalgo
Batting: RHB Pat Fullerton 0-0: Called Strike
0-1: DOUBLE (Flyball, 7LM)
Batting: RHB Millard Boyd 0-0: Called Strike
0-1: Ball
1-1: Fly out, F8 (Flyball, 8LXD)
Runner from 2nd tags up, SAFE at 3rd, no throw
Batting: RHB Lawrence Yates 0-0: Called Strike
0-1: Called Strike
0-2: Foul Ball, location: 2F
0-2: Foul Ball, location: 2F
0-2: Ball
1-2: Strikes out swinging
Batting: RHB Gerardo Escobedo 0-0: Foul Ball, location: 2F
0-1: Called Strike
0-2: Strikes out swinging
Bottom of the 4th over - 0 run(s), 1 hit(s), 0 error(s), 1 left on base; Boston 1 - Jersey Shore 2
TOP OF THE 5TH
Boston Rebels batting - Pitching for Jersey Shore D-Bags : RHP Roland Martin
Batting: RHB Wilson Gómez 0-0: Called Strike
0-1: Ball
1-1: Foul Ball, location: 2F
1-2: Foul Ball, location: 2F
1-2: Foul Ball, location: 2F
1-2: Strikes out swinging
Batting: LHB Félix Gómez 0-0: Swinging Strike
0-1: SINGLE (Groundball, 6MD)
Batting: LHB Tony Ramírez 0-0: Ball
1-0: Ball
2-0: Ball
3-0: Foul Ball, location: 2F
3-1: Foul Ball, location: 2F
3-2: DOUBLE (Line Drive, 78M)
Félix Gómez to third
Batting: RHB Rob Whitley 0-0: Ball
1-0: Ball
2-0: Called Strike
2-1: Foul Ball, location: 2F
2-2: Ground out 5-3 (Groundball, 5S)
Batting: LHB Bill Wilson 0-0: Ball
1-0: Swinging Strike
1-1: Swinging Strike
1-2: Ground out U3 (Groundball, 3)
Top of the 5th over - 0 run(s), 2 hit(s), 0 error(s), 2 left on base; Boston 1 - Jersey Shore 2
BOTTOM OF THE 5TH
Jersey Shore D-Bags batting - Pitching for Boston Rebels : LHP José Hidalgo
Batting: RHB Ricardo González 0-0: Ball
1-0: Ball
2-0: Fly out, F7 (Flyball, 7S)
Batting: LHB Dave Dodd 0-0: Ball
1-0: Foul Ball, location: 2F
1-1: Foul Ball, location: 2F
1-2: Foul Ball, location: 2F
1-2: Foul Ball, location: 2F
1-2: Ball
2-2: Foul Ball, location: 2F
2-2: Ground out 6-3 (Groundball, 6)
Batting: SHB Tadahisa Kisuki 0-0: Ball
1-0: Fly out, F8 (Line Drive, 8LS)
Bottom of the 5th over - 0 run(s), 0 hit(s), 0 error(s), 0 left on base; Boston 1 - Jersey Shore 2
TOP OF THE 6TH
Boston Rebels batting - Pitching for Jersey Shore D-Bags : RHP Roland Martin
Batting: SHB Álex Rosado 0-0: Ball
1-0: Called Strike
1-1: Ball
2-1: Ground out U3 (Groundball, 3)
Batting: RHB Ronnie Brown 0-0: Ball
1-0: Called Strike
1-1: Ball
2-1: Called Strike
2-2: Strikes out swinging
Batting: LHB Bill Wilson 0-0: Ball
1-0: Called Strike
1-1: Called Strike
1-2: Ball
2-2: Ground out 4-3 (Groundball, 4)
Top of the 6th over - 0 run(s), 0 hit(s), 0 error(s), 0 left on base; Boston 1 - Jersey Shore 2
BOTTOM OF THE 6TH
Jersey Shore D-Bags batting - Pitching for Boston Rebels : LHP José Hidalgo
Batting: RHB Yoshihide Takahashi 0-0: Called Strike
0-1: Called Strike
0-2: Ball
1-2: Ball
2-2: Foul Ball, location: 2F
2-2: Foul Ball, location: 2F
2-2: Fly out, F8 (Flyball, 8RXD)
Batting: RHB Owen Carter 0-0: Called Strike
0-1: SINGLE (Line Drive, 8LS)
Batting: RHB Pat Fullerton 0-0: Ball
1-0: DOUBLE (Line Drive, 5D)
Owen Carter to third
Batting: RHB Millard Boyd 0-0: Called Strike
0-1: Ball
1-1: Foul Ball, location: 2F
1-2: Foul Ball, location: 2F
1-2: Fly out, F8 (Flyball, 89XD)
Runner from 3rd tags up, SCORES, no throw
Batting: RHB Lawrence Yates 0-0: Called Strike
0-1: Ball
1-1: Called Strike
1-2: Foul Ball, location: 2F
1-2: Ball
2-2: Ball
3-2: Strikes out looking
Bottom of the 6th over - 1 run(s), 2 hit(s), 0 error(s), 1 left on base; Boston 1 - Jersey Shore 3
TOP OF THE 7TH
Boston Rebels batting - Pitching for Jersey Shore D-Bags : RHP Roland Martin
Batting: SHB Javier Villegas 0-0: Ball
1-0: Ground out 6-3 (Groundball, 6)
Batting: RHB Wilson Gómez 0-0: Called Strike
0-1: SINGLE (Line Drive, 34D)
Batting: LHB Félix Gómez 0-0: Fly out, F9 (Flyball, 9LD)
Batting: LHB Tony Ramírez 0-0: Ball
1-0: Ground out 5-3 (Groundball, 56)
Top of the 7th over - 0 run(s), 1 hit(s), 0 error(s), 1 left on base; Boston 1 - Jersey Shore 3
BOTTOM OF THE 7TH
Jersey Shore D-Bags batting - Pitching for Boston Rebels : LHP José Hidalgo
Pitching: RHP Alberto Bonilla
Batting: RHB Gerardo Escobedo 0-0: Ball
1-0: Called Strike
1-1: Called Strike
1-2: Ball
2-2: Ground out 5-3 (Groundball, 56)
Batting: RHB Ricardo González 0-0: Called Strike
0-1: Foul Ball, location: 2F
0-2: Ground out 5-3 (Groundball, 5)
Batting: LHB Dave Dodd 0-0: Foul Ball, location: 2F
0-1: SOLO HOME RUN (Flyball, 9D), Distance : 365 ft
Batting: SHB Tadahisa Kisuki 0-0: Swinging Strike
0-1: Ball
1-1: Called Strike
1-2: Strikes out swinging
Bottom of the 7th over - 1 run(s), 1 hit(s), 0 error(s), 0 left on base; Boston 1 - Jersey Shore 4
TOP OF THE 8TH
Boston Rebels batting - Pitching for Jersey Shore D-Bags : RHP Roland Martin
Batting: RHB Rob Whitley 0-0: Ball
1-0: Called Strike
1-1: Ball
2-1: Foul Ball, location: 2F
2-2: Ball
3-2: Foul Ball, location: 2F
3-2: SINGLE (Groundball, 4MD)
Batting: LHB Bill Wilson 0-0: Grounds into double play, 6-4-3 (Groundball, 6)
Batting: SHB Álex Rosado 0-0: Ball
1-0: Swinging Strike
1-1: Fly out, F8 (Flyball, 8LD)
Top of the 8th over - 0 run(s), 1 hit(s), 0 error(s), 0 left on base; Boston 1 - Jersey Shore 4
BOTTOM OF THE 8TH
Jersey Shore D-Bags batting - Pitching for Boston Rebels : RHP Alberto Bonilla
Batting: RHB Yoshihide Takahashi 0-0: SINGLE (Groundball, 56D)
Batting: RHB Owen Carter 0-0: Ball
1-0: Called Strike
1-1: Ball
2-1: Called Strike
2-2: Grounds into double play, 5-4-3 (Groundball, 56)
Batting: RHB Pat Fullerton 0-0: Ball
1-0: Ball
2-0: Foul Ball, location: 2F
2-1: Ball
3-1: Base on Balls
Batting: RHB Millard Boyd 0-0: Ball
1-0: Called Strike
1-1: Ball
2-1: Fielders Choice at 2nd, 5-4 (Groundball, 56)
Bottom of the 8th over - 0 run(s), 1 hit(s), 0 error(s), 0 left on base; Boston 1 - Jersey Shore 4
TOP OF THE 9TH
Boston Rebels batting - Pitching for Jersey Shore D-Bags : RHP Roland Martin
Pitching: LHP Hyo-chin Kim
Batting: RHB Ronnie Brown 0-0: Called Strike
0-1: Swinging Strike
0-2: Ball
1-2: Ball
2-2: SINGLE (Groundball, 4D) (infield hit)
Batting: LHB Bill Wilson 0-0: Called Strike
0-1: Ball
1-1: Ball
2-1: Ball
3-1: Called Strike
3-2: Ground out U3 (Groundball, 3S)
Ronnie Brown to second
Batting: SHB Javier Villegas 0-0: Swinging Strike
0-1: Swinging Strike
0-2: Ball
1-2: Ball
2-2: Foul Ball, location: 2F
2-2: Ball
3-2: Foul Ball, location: 2F
3-2: Strikes out swinging
Batting: RHB Wilson Gómez 0-0: Called Strike
0-1: Ball
1-1: Swinging Strike
1-2: Strikes out looking
Top of the 9th over - 0 run(s), 1 hit(s), 0 error(s), 1 left on base; Boston 1 - Jersey Shore 4
This league is powered by Out of the Park Baseball, the baseball management simulation game for PC, Mac and Linux
Saturday, April 9th, 2016 - OOTP Baseball 16.8 Build 38